 Dungeon Crawl Stone Soup version 0.24-a0-433-gbe6fa4f6cc (webtiles) character file.

Game seed: 1675968168529660825

28 Azzok the Chopper (level 3, -1/31 HPs)
             Began as a Centaur Fighter on June 14, 2019.
             Slain by a hobgoblin
             ... wielding a +0 club
             ... led by Robin
              (8 damage)
             ... on level 2 of the Dungeon.
             The game lasted 00:01:04 (653 turns).

Azzok the Chopper (Centaur Fighter)                  Turns: 653, Time: 00:01:04

Health: -1/31      AC:  6    Str: 19    XL:     3   Next: 0%
Magic:  3/3        EV:  5    Int:  7    God:
Gold:   77         SH:  8    Dex:  8    Spells: 2/2 levels left

rFire    . . .     SeeInvis .   a - +0 war axe
rCold    . . .     Gourm    .   c - +0 shield
rNeg     . . .     Faith    .   b - +0 scale mail
rPois    .         Spirit   .   (no helmet)
rElec    .         Reflect  .   (no cloak)
rCorr    .         Harm     .   (no gloves)
MR       .....                  (no barding)
Stlth    ..........             (no amulet)
HPRegen  0.10/turn              (no ring)
MPRegen  0.08/turn              (no ring)

@: very quick
A: large, hooves 3, deformed body, speed 2, tough skin 3
a: no special abilities


You were on level 2 of the Dungeon.
You were not hungry.

You visited 1 branch of the dungeon, and saw 2 of its levels.

You collected 77 gold pieces.

Inventory:

Hand Weapons
 a - a +0 war axe (weapon)
Armour
 b - a +0 scale mail (worn)
 c - a +0 shield (worn)
Jewellery
 h - an uncursed ring of resist corrosion {unknown}
Scrolls
 e - a scroll of remove curse
 j - a scroll of magic mapping
 l - a scroll of teleportation
Potions
 d - 2 potions of might
 i - a potion of cancellation
 k - a potion of magic {unknown}
Comestibles
 f - a ration
 g - 2 chunks of flesh


   Skills:
 - Level 3.0 Fighting
 + Level 3.2 Axes
 - Level 2.1 Armour
 - Level 2.1 Shields


You had 2 spell levels left.
You didn't know any spells.
Your spell library was empty.

Dungeon Overview and Level Annotations

Branches:
Dungeon (2/15)

Altars:

Annotations:
D:2 Robin


Innate Abilities, Weirdness & Mutations

You have hooves in place of feet.
Armour fits poorly on your strangely shaped body.
You cover ground very quickly.
You have extremely tough skin. (AC +3)


Message History

Your scale mail prevents you from hitting the hobgoblin.
You hit the goblin but do no damage. You slash the goblin!
You kill the goblin!
You have reached level 3!
Your experience leads to an increase in your attributes!
Increase (S)trength, (I)ntelligence, or (D)exterity?
You feel stronger.
The goblin no longer looks unusually strong.
The hobgoblin closely misses you. The goblin barely misses you.
The goblin hits you but does no damage. Robin throws the goblin at you!
The goblin hits you but does no damage.
The hobgoblin hits you but does no damage.
You closely miss the goblin. You hit the hobgoblin.
You hit the goblin but do no damage. You barely miss the goblin.
The goblin no longer looks unusually strong.
Robin roars a battlecry!
The goblins go into a battle-frenzy!
You block the goblin's attack. The goblin barely misses you.
You block the goblin's attack. The hobgoblin hits you with a +0 club!
You die...

▒▒'▒▒▒▒▒▒ ▒·▒
▒·▒ ▒·▒ ▒·▒ ▒·▒
▒·▒ ▒·▒▒▒g▒▒▒▒▒
▒····g@ggg▒
▒▒··▒g▒▒▒)·····P
▒··▒·▒ ▒▒g···P
▒· ▒·) ··gP ··
▒·▒ ··P ▒▒ ··▒
·P ··· P ··


You could see Robin, 3 hobgoblins and 3 goblins.

Vanquished Creatures
  A dart slug (D:1)
  A bat (D:1)
  2 giant cockroaches (D:1)
  7 goblins
  2 hobgoblins (D:2)
  2 jackals (D:1)
  2 kobolds
  6 rats (D:1)
23 creatures vanquished.

Notes
Turn   | Place    | Note
-------+----------+-------------------------------------------
     0 | D:1      | Azzok the Centaur Fighter began the quest for the Orb.
     0 | D:1      | Reached XP level 1. HP: 19/19 MP: 1/1
   126 | D:1      | Reached XP level 2. HP: 26/26 MP: 2/2
   638 | D:2      | Noticed Robin
   652 | D:2      | Reached XP level 3. HP: 7/31 MP: 3/3
   653 | D:2      | Slain by a hobgoblin

Levels and vault maps discovered:
D:1:      tarquinn_simple_flora_water_a, layout_basic, minmay_octomino_j4
D:2:      layout_basic, minmay_hedge_maze, chequers_serial_rivers_room_b,
          uniq_robin, uniq_crazy_yiuf_cottage

Skill      XL: |  1  2 |
---------------+-------+-----
Axes           | 2 3 |  3.2
Fighting       | |  3.0
Armour         | |  2.1
Shields        | |  2.1

Action                   || total
-------------------------++-------
Melee: War axe           ||    56
       Kick              ||     9
  Use: Scroll            ||     5
Armor: Scale mail        ||    37
Dodge: Dodged            ||    15
Block: Shield            ||    25

Table legend:
 A = Non-vault XP
 B = Vault XP
 C = Vault XP percentage of total XP
 D = Non-vault monster count
 E = Vault monster count
 F = Vault count percentage of total count
                 A         B        C        D         E       F
            +---------+---------+-------+---------+---------+-------
      Total |      25 |      16 |  39.0 |      14 |       9 |  39.1
            +---------+---------+-------+---------+---------+-------
        D:1 |      24 |       4 |  14.3 |      13 |       3 |  18.8
        D:2 |       1 |      12 |  92.3 |       1 |       6 |  85.7
            +---------+---------+-------+---------+---------+-------
